Map: Lightshade LE

Players

Scarlett - Winner!

  • Race: Zerg Zerg

Astrea

  • Race: Protoss Protoss
  • League: Master

Event: DreamHack SC2 Masters 2021 Summer

VOD

Have the link to the VOD?

Description

Time

  • Played on: June 6, 2021, 3:24 p.m.
  • Length: 8:54

All games in this series

Show
View Real Time Build Order
Export as new Build Order

Scarlett Zerg - Winner!

Build Orders: Hatch First 

Get SALT Encoding   

  12  0:00  Drone  
  13  0:12  Overlord  
  13  0:17  Drone  
  14  0:30  Drone x2  
  16  0:47  Hatchery  
  15  0:50  Drone  
  15  0:54  Drone  
  18  0:57  Drone  
  18  1:08  Extractor  
  17  1:13  Spawning Pool  
  17  1:16  Drone  
  17  1:18  Drone  
  18  1:27  Drone  
  19  1:38  Drone  
  20  1:49  Drone  
  21  1:59  Queen x2  
  21  2:00  Zergling x2, Overlord  
  26  2:10  Drone  
  26  2:12  Metabolic Boost  
  26  2:14  Drone  
  28  2:21  Drone x2  
  30  2:30  Drone  
  30  2:33  Drone  
  32  2:41  Queen  
  34  2:45  Overlord  
  34  2:46  Zergling x2  
  35  2:58  Drone  
  35  3:02  Hatchery  
  35  3:04  Drone  
  35  3:05  Drone  
  37  3:09  Drone x2  
  37  3:10  Drone x2  
  41  3:13  Overlord  
  41  3:15  Zergling x2  
  41  3:16  Zergling x4  
  44  3:21  Overlord  
  44  3:31  Overlord  
  44  3:33  Queen  
  46  3:35  Queen  
  46  3:39  Overlord  
  48  3:43  Drone x2  
  48  3:46  Drone x2  
  52  3:50  Drone x2  
  52  3:53  Drone  
  52  3:54  Drone  
  54  3:57  Drone  
  54  4:01  Spore Crawler  
  54  4:02  Drone  
  55  4:11  Drone  
  55  4:15  Roach Warren, Queen  
  55  4:16  Drone x3  
  60  4:20  Drone x2  
  62  4:27  Extractor  
  62  4:28  Extractor, Zergling x10  
  62  4:37  Drone x3  
  65  4:38  Evolution Chamber  
  65  4:41  Lair  
  64  4:49  Drone, Overlord x2  
  64  4:50  Drone x3  
  68  4:56  Overlord x2  
  67  5:04  Overlord  
  67  5:05  Zerg Missile Weapons Level 1  
  66  5:09  Roach x3  
  66  5:12  Zergling x2  
  66  5:13  Zergling x4  
  75  5:15  Roach  
  75  5:19  Roach x2  
  81  5:21  Zergling x4  
  81  5:28  Zergling x2, Roach x2  
  85  5:38  Zergling x12  
  85  5:42  Overseer  
  89  5:44  Zergling x4  
  89  5:49  Zergling x6  
  91  5:55  Overseer  
  91  5:56  Zergling x2, Roach x2  
  90  6:01  Zergling x6  
  93  6:04  Ravager x4  
  93  6:08  Extractor, Zergling x2  
  93  6:11  Zergling x2  
  98  6:14  Zergling x8  
  98  6:17  Ravager  
  102  6:19  Overlord  
  102  6:22  Ravager  
  102  6:23  Zergling x4  
  101  6:35  Zergling x2  
  101  6:36  Zergling x4  
  101  6:39  Queen x2  
  98  6:41  Ravager x2  
  98  6:44  Zergling x8  
  105  6:48  Zergling x4  
  103  6:58  Zergling x6  
  98  7:01  Queen  
  98  7:05  Evolution Chamber  
  98  7:07  Drone x2  
  99  7:09  Ravager  
  99  7:10  Ravager  
  99  7:11  Glial Reconstitution  
  102  7:17  Zergling x6  
  102  7:22  Zergling x2  
  104  7:27  Drone  
  104  7:28  Drone  
  101  7:31  Hatchery  
  101  7:36  Zergling x2  
  99  7:43  Zergling x6  
  101  7:49  Drone x6  
  104  7:58  Drone x3  
  107  7:59  Drone  
  107  8:03  Drone x2  
  104  8:11  Drone  
  97  8:14  Queen  
  95  8:23  Drone x7  
  95  8:24  Drone x2  
  101  8:27  Roach  
  101  8:30  Roach  
  101  8:31  Roach  
  105  8:35  Overseer x2  
  99  8:45  Extractor  
  99  8:46  Extractor  
Show
View Real Time Build Order
Export as new Build Order

Astrea Protoss 

Build Orders: 1 Gate Expand 

Get SALT Encoding   

  12  0:00  Probe  
  13  0:12  Probe  
  14  0:21  Pylon  
  14  0:24  Probe  
  15  0:39  Probe (Chrono Boost)  
  16  0:43  Gateway  
  16  0:48  Probe (Chrono Boost), Assimilator  
  17  0:53  Probe  
  18  1:05  Probe  
  19  1:17  Probe  
  20  1:25  Nexus  
  20  1:35  Cybernetics Core  
  20  1:39  Probe  
  21  1:44  Assimilator  
  21  1:51  Probe  
  22  1:56  Pylon  
  22  2:03  Probe (Chrono Boost)  
  23  2:11  Adept (Chrono Boost)  
  26  2:16  Probe (Chrono Boost)  
  26  2:19  Stargate  
  26  2:20  Probe (Chrono Boost)  
  27  2:28  Warp Gate  
  27  2:33  Pylon  
  27  2:34  Probe (Chrono Boost)  
  28  2:37  Probe (Chrono Boost)  
  30  2:45  Adept  
  30  2:47  Probe (Chrono Boost)  
  30  2:48  Probe (Chrono Boost)  
  33  2:54  Void Ray (Chrono Boost)  
  33  2:55  Probe  
  33  2:56  Probe  
  39  3:08  Probe x2  
  39  3:10  Pylon  
  41  3:20  Probe, Twilight Council  
  41  3:21  Probe  
  43  3:28  Gateway  
  43  3:35  Probe  
  43  3:36  Gateway  
  43  3:39  Adept  
  46  3:43  Probe  
  46  3:47  Probe  
  48  3:53  Resonating Glaives (Chrono Boost)  
  46  3:55  Probe  
  46  3:59  Probe  
  47  4:04  Pylon  
  47  4:07  Probe  
  48  4:16  Probe  
  49  4:17  Adept  
  49  4:20  Probe  
  49  4:24  Nexus  
  52  4:25  Pylon, Adept  
  52  4:28  Probe  
  55  4:32  Probe, Adept  
  58  4:38  Assimilator  
  58  4:39  Adept  
  58  4:40  Probe  
  58  4:41  Assimilator  
  58  4:44  Probe  
  62  4:46  Adept  
  62  4:52  Probe  
  65  4:53  Adept  
  65  4:55  Pylon  
  67  5:03  Probe  
  67  5:06  Probe  
  69  5:13  Adept x3  
  71  5:19  Probe  
  71  5:20  Probe  
  72  5:24  Blink (Chrono Boost)  
  72  5:29  Forge  
  72  5:35  Probe x3  
  69  5:43  Sentry x3  
  69  5:47  Probe x3  
  70  5:59  Probe x3, Pylon  
  70  6:00  Protoss Ground Weapons Level 1  
  70  6:02  Gateway  
  71  6:04  Gateway  
  71  6:08  Stalker x3  
  71  6:11  Probe, Pylon  
  77  6:12  Probe  
  78  6:19  Shield Battery  
  78  6:22  Shield Battery  
  78  6:33  Stalker x3  
  80  6:41  Shield Battery  
  80  6:42  Pylon  
  63  6:56  Stalker x4  
  61  7:03  Shield Battery  
  61  7:04  Stalker  
  55  7:09  Cybernetics Core  
  55  7:20  Stalker x4  
  63  7:28  Stalker  
  65  7:42  Pylon  
  65  7:45  Pylon  
  65  7:46  Stalker x3  
  68  7:51  Probe  
  68  7:55  Stalker  
  68  7:56  Oracle  
  59  8:06  Probe  
  59  8:11  Probe, Stalker  
  59  8:12  Stalker  
  62  8:20  Probe  
  62  8:22  Stalker  
  42  8:48  Nexus  
Tags
 
Add a new tag
Caveats
  • Supply blocks, unpowered buildings, or Contaminate may cause inaccurate times.
  • Supply counts are checked every 10 seconds.